Pittsburgh Penguins vs Vancouver Canucks

Created - Saturday, January 24, 2026 at 08:58

Goals
1 2 3 T
Pittsburgh Penguins 1 1 1 3
Vancouver Canucks 0 3 2 5
Shots
1 2 3 T
Pittsburgh Penguins 12 8 9 29
Vancouver Canucks 10 11 11 32

1st period

1. Pittsburgh Penguins , Sam Reinhart 3 (Leon Draisaitl 3, Mitchell Marner 6) at 6:35

Penalties :
No Penalty

2nd period

2. Vancouver Canucks , Aleksander Barkov 2 (Mikko Rantanen 5, Noah Hanifin 5) at 4:21 (PP)
3. Vancouver Canucks , Matias Maccelli 3 (Brett Leason 3, Casey Mittelstadt 3) at 12:58
4. Pittsburgh Penguins , Pavel Buchnevich 4 (Tage Thompson 7, Brian Dumoulin 6) at 14:08 (PP)
5. Vancouver Canucks , Aleksander Barkov 3 (Emil Martinsen Lilleberg 1) at 16:32

Penalties :
Leon Draisaitl (PIT) for Holding (Minor) at 4:14, Mikko Rantanen (VAN) for Tripping (Minor) at 13:20

3rd period

6. Pittsburgh Penguins , Blake Coleman 1 (Ryan O'Reilly 3, Jordan Eberle 2) at 1:23
7. Vancouver Canucks , Bobby McMann 3 (Jesperi Kotkaniemi 3, Sean Couturier 2) at 5:33
8. Vancouver Canucks , Miro Heiskanen 1 (Clayton Keller 7) at 10:25

Penalties :
Leon Draisaitl (PIT) for Roughing (Minor) at 5:36, Zemgus Girgensons (PIT) for Elbowing (Minor) at 15:09, Travis Sanheim (PIT) for Tripping (Minor) at 18:31

Goalie Stats

Jordan Binnington (PIT), 27 saves from 32 shots - (0.844), L, 2-3-0, 60:00 minutes
Cam Talbot (VAN), 26 saves from 29 shots - (0.897), W, 4-3-0, 60:00 minutes

Players Stats for Pittsburgh Penguins

Player Name              G  A  P  +/- PIM S  H  SB GA TA FO     MP     PP MP  PK MP  
------------------------------------------------------------------------------------
Blake Coleman            1  0  1   1  0   1  1  0  1  0  0/1    14:12   0:00   0:48 
Brian Dumoulin           0  1  1   0  0   0  0  1  0  0  0/0    19:52   0:14   2:33 
Carson Soucy             0  0  0  -1  0   0  1  2  0  2  0/0    14:25   0:00   0:00 
Christian Dvorak         0  0  0  -1  0   3  0  0  0  0  0/0     8:58   0:00   0:00 
Erik Gudbranson          0  0  0  -1  0   0  1  1  0  0  0/0    14:59   0:00   0:34 
Erik Karlsson            0  0  0  -1  0   1  2  2  2  1  0/0    26:00   0:34   3:17 
Gabriel Vilardi          0  0  0  -2  0   3  2  0  0  0  1/1    16:08   0:14   0:00 
Jordan Eberle            0  1  1   1  0   3  1  0  1  0  1/1    13:24   0:00   0:00 
Leon Draisaitl           0  1  1   0  4   2  2  0  0  0  18/22  17:43   0:34   1:48 
Mattias Ekholm           0  0  0   0  0   0  0  4  1  0  0/0    19:35   0:14   2:16 
Mitchell Marner          0  1  1   0  0   0  3  1  1  0  4/7    18:39   0:34   2:50 
Pavel Buchnevich         1  0  1  -2  0   2  1  1  2  0  0/2    16:22   0:14   0:14 
Phillip Danault          0  0  0  -1  0   4  1  0  1  0  0/2     8:58   0:00   0:00 
Ryan O'Reilly            0  1  1   1  0   3  0  0  2  0  8/12   13:24   0:00   0:00 
Sam Reinhart             1  0  1   0  0   3  0  0  0  0  0/1    18:30   0:34   2:43 
Tage Thompson            0  1  1  -2  0   1  1  0  0  0  7/17   18:59   0:14   2:43 
Travis Sanheim           0  0  0  -1  2   2  2  1  1  0  0/0    25:08   0:34   2:26 
Zemgus Girgensons        0  0  0  -1  2   1  2  0  0  0  0/0     9:07   0:00   0:00 

Players Stats for Vancouver Canucks

Player Name              G  A  P  +/- PIM S  H  SB GA TA FO     MP     PP MP  PK MP  
------------------------------------------------------------------------------------
Aleksander Barkov        2  0  2   1  0   4  2  0  0  0  9/14   17:10   2:38   0:14 
Anton Lundell            0  0  0   1  0   0  0  1  0  0  1/2    14:43   0:00   0:34 
Artturi Lehkonen         0  0  0   0  0   1  2  2  0  0  0/2    21:39   2:55   0:14 
Bobby McMann             1  0  1   0  0   4  1  0  0  0  0/0    12:46   0:00   0:00 
Brett Leason             0  1  1   1  0   2  0  0  0  0  0/0     8:39   0:00   0:34 
Casey Mittelstadt        0  1  1   1  0   1  1  0  1  0  3/5    11:00   2:55   0:00 
Clayton Keller           0  1  1   0  0   2  1  0  0  1  10/26  21:17   2:38   0:00 
Connor Zary              0  0  0   1  0   7  0  0  0  0  0/2    17:04   2:55   0:00 
Emil Martinsen Lilleberg 0  1  1   1  0   0  2  2  0  1  0/0    13:49   0:00   0:00 
Jake Bean                0  0  0   1  0   1  0  1  0  1  0/0    13:49   0:00   0:00 
Jesperi Kotkaniemi       0  1  1   0  0   1  3  0  0  0  0/0    12:46   0:00   0:00 
Joel Hanley              0  0  0   0  0   0  1  0  0  2  0/0    20:10   2:55   0:34 
Matias Maccelli          1  0  1   1  0   1  0  0  1  0  0/0     8:05   0:00   0:00 
Mikko Rantanen           0  1  1   0  2   4  2  1  0  0  1/2    21:16   2:38   0:00 
Miro Heiskanen           1  0  1   1  0   1  0  0  0  5  0/0    26:01   2:38   0:14 
Noah Hanifin             0  1  1   1  0   0  0  1  0  2  0/0    26:01   2:38   0:14 
Ryan McDonagh            0  0  0   0  0   0  1  2  1  0  0/0    20:10   2:55   0:34 
Sean Couturier           0  1  1   0  0   3  0  0  0  0  3/13   12:46   0:00   0:00 

3 Stars

1 - Aleksander Barkov (VAN)
2 - Miro Heiskanen (VAN)
3 - Matias Maccelli (VAN)

Power Play

Pittsburgh Penguins - 1 on 1 Attempt(s) - 100.00%
Vancouver Canucks - 1 on 4 Attempt(s) - 25.00%

Penalty Kill

Pittsburgh Penguins - 3 on 4 Attempt(s) - 75.00% - Score 0 goal in Penalty Kill
Vancouver Canucks - 0 on 1 Attempt(s) - 0.00% - Score 0 goal in Penalty Kill

Team Stat

Pittsburgh Penguins - Hits : 20 - Faceoff Wins : 39 - Blocked Shots : 13 - Penalty Minutes : 8
Vancouver Canucks - Hits : 16 - Faceoff Wins : 27 - Blocked Shots : 10 - Penalty Minutes : 2

Official

Referees : Brian Pochmara and Francis Charron
Linesman : Andrew Smith and Trent Knorr

Game Notes

No Game Note

Finance

Level 1 -- Attendance: 4652 (77.53%) -- Ticket Income $460,548
Level 2 -- Attendance: 3419 (68.38%) -- Ticket Income $201,721
Level 3 -- Attendance: 2766 (92.20%) -- Ticket Income $94,044
Level 4 -- Attendance: 3631 (72.62%) -- Ticket Income $87,144
Luxury Box -- Attendance: 697 (69.70%) -- Ticket Income $138,703
Game was played at the Rogers Arena.
Total Attendance: 15165 (75.83%)
Total Ticket Income: $982,160
Other Income: $343,756
Total Income: $1,325,916

Pittsburgh Penguins

5 vs 5 Forward 
   Center                   Left Wing                Right Wing               Time % Phy DF OF 
 1 Leon Draisaitl           Sam Reinhart             Mitchell Marner          30     1   2  2  
 2 Tage Thompson            Pavel Buchnevich         Gabriel Vilardi          30     1   2  2  
 3 Ryan O'Reilly            Blake Coleman            Jordan Eberle            25     1   2  2  
 4 Phillip Danault          Zemgus Girgensons        Christian Dvorak         15     1   2  2  

5 vs 5 Defense 
   Defense                  Defense                                           Time % Phy DF OF 
 1 Travis Sanheim           Erik Karlsson                                     30     1   2  2  
 2 Brian Dumoulin           Mattias Ekholm                                    30     1   2  2  
 3 Carson Soucy             Erik Gudbranson                                   25     1   2  2  
 4 Travis Sanheim           Erik Karlsson                                     15     1   2  2  

PowerPlay Forward 
   Center                   Left Wing                Right Wing               Time % Phy DF OF 
 1 Leon Draisaitl           Sam Reinhart             Mitchell Marner          50     1   2  2  
 2 Tage Thompson            Pavel Buchnevich         Gabriel Vilardi          50     1   2  2  

PowerPlay Defense
   Defense                  Defense                                           Time % Phy DF OF 
 1 Travis Sanheim           Erik Karlsson                                     50     1   2  2  
 2 Brian Dumoulin           Mattias Ekholm                                    50     1   2  2  

Penalty Kill 4 Players Forward 
   Center                   Wing                     Time % Phy DF OF 
 1 Mitchell Marner          Leon Draisaitl           50     1   2  2  
 2 Sam Reinhart             Tage Thompson            50     1   2  2  

Penalty Kill 4 Players Defense
   Defense                  Defense                  Time % Phy DF OF 
 1 Travis Sanheim           Erik Karlsson            50     1   2  2  
 2 Brian Dumoulin           Mattias Ekholm           50     1   2  2  

Penalty Kill - 3 Players Forward 
   Forward                                           Time % Phy DF OF 
 1 Mitchell Marner                                   50     1   2  2  
 2 Leon Draisaitl                                    50     1   2  2  

Penalty Kill - 3 Players Defense
   Defense                  Defense                  Time % Phy DF OF 
 1 Travis Sanheim           Erik Karlsson            50     1   2  2  
 2 Brian Dumoulin           Mattias Ekholm           50     1   2  2  

4 vs 4 Forward 
   Center                   Wing                     Time % Phy DF OF 
 1 Mitchell Marner          Leon Draisaitl           50     1   2  2  
 2 Sam Reinhart             Tage Thompson            50     1   2  2  

4 vs 4 Defense
   Defense                  Defense                  Time % Phy DF OF 
 1 Travis Sanheim           Erik Karlsson            50     1   2  2  
 2 Brian Dumoulin           Mattias Ekholm           50     1   2  2  

Last Minutes Offensive
   Center                   Left Wing                Right Wing               Defense                  Defense                  
   Leon Draisaitl           Sam Reinhart             Mitchell Marner          Travis Sanheim           Erik Karlsson            

Last Minutes Defensive
   Center                   Left Wing                Right Wing               Defense                  Defense                  
   Leon Draisaitl           Sam Reinhart             Mitchell Marner          Travis Sanheim           Erik Karlsson            

Goaltenders
Starting : Jordan Binnington        
Backup : John Gibson              

Extra Forwards
Normal : Christian Dvorak, Ryan O'Reilly, Blake Coleman - PP : Christian Dvorak, Ryan O'Reilly - PK : Blake Coleman
Extra Defensemen
Normal : Carson Soucy, Erik Gudbranson, Brian Dumoulin - PP : Carson Soucy - PK : Erik Gudbranson, Brian Dumoulin
Penalty Shots
Mitchell Marner, Leon Draisaitl, Sam Reinhart, Tage Thompson, Ryan O'Reilly

Scratches
None

Vancouver Canucks

5 vs 5 Forward 
   Center                   Left Wing                Right Wing               Time % Phy DF OF 
 1 Clayton Keller           Artturi Lehkonen         Mikko Rantanen           37     1   1  3  
 2 Aleksander Barkov        Connor Zary              Anton Lundell            28     1   2  2  
 3 Sean Couturier           Jesperi Kotkaniemi       Bobby McMann             21     1   2  2  
 4 Casey Mittelstadt        Matias Maccelli          Brett Leason             14     1   3  1  

5 vs 5 Defense 
   Defense                  Defense                                           Time % Phy DF OF 
 1 Noah Hanifin             Miro Heiskanen                                    30     1   2  2  
 2 Ryan McDonagh            Joel Hanley                                       30     1   2  2  
 3 Jake Bean                Emil Martinsen Lilleberg                          25     1   2  2  
 4 Noah Hanifin             Miro Heiskanen                                    15     1   2  2  

PowerPlay Forward 
   Center                   Left Wing                Right Wing               Time % Phy DF OF 
 1 Aleksander Barkov        Clayton Keller           Mikko Rantanen           50     0   1  4  
 2 Casey Mittelstadt        Connor Zary              Artturi Lehkonen         50     0   1  4  

PowerPlay Defense
   Defense                  Defense                                           Time % Phy DF OF 
 1 Noah Hanifin             Miro Heiskanen                                    50     0   1  4  
 2 Ryan McDonagh            Joel Hanley                                       50     0   1  4  

Penalty Kill 4 Players Forward 
   Center                   Wing                     Time % Phy DF OF 
 1 Anton Lundell            Brett Leason             50     1   2  2  
 2 Aleksander Barkov        Artturi Lehkonen         50     1   2  2  

Penalty Kill 4 Players Defense
   Defense                  Defense                  Time % Phy DF OF 
 1 Ryan McDonagh            Joel Hanley              50     1   2  2  
 2 Noah Hanifin             Miro Heiskanen           50     1   2  2  

Penalty Kill - 3 Players Forward 
   Forward                                           Time % Phy DF OF 
 1 Anton Lundell                                     50     1   2  2  
 2 Brett Leason                                      50     1   2  2  

Penalty Kill - 3 Players Defense
   Defense                  Defense                  Time % Phy DF OF 
 1 Ryan McDonagh            Joel Hanley              50     1   2  2  
 2 Noah Hanifin             Miro Heiskanen           50     1   2  2  

4 vs 4 Forward 
   Center                   Wing                     Time % Phy DF OF 
 1 Clayton Keller           Mikko Rantanen           50     1   2  2  
 2 Aleksander Barkov        Artturi Lehkonen         50     1   2  2  

4 vs 4 Defense
   Defense                  Defense                  Time % Phy DF OF 
 1 Noah Hanifin             Miro Heiskanen           50     1   2  2  
 2 Ryan McDonagh            Joel Hanley              50     1   2  2  

Last Minutes Offensive
   Center                   Left Wing                Right Wing               Defense                  Defense                  
   Aleksander Barkov        Clayton Keller           Mikko Rantanen           Noah Hanifin             Miro Heiskanen           

Last Minutes Defensive
   Center                   Left Wing                Right Wing               Defense                  Defense                  
   Anton Lundell            Artturi Lehkonen         Brett Leason             Ryan McDonagh            Joel Hanley              

Goaltenders
Starting : Cam Talbot               
Backup : Justus Annunen           

Extra Forwards
Normal : Mikko Rantanen, Artturi Lehkonen, Clayton Keller - PP : Mikko Rantanen, Clayton Keller - PK : Anton Lundell
Extra Defensemen
Normal : Miro Heiskanen, Joel Hanley, Ryan McDonagh - PP : Miro Heiskanen - PK : Ryan McDonagh, Joel Hanley
Penalty Shots
Aleksander Barkov, Anton Lundell, Artturi Lehkonen, Jesperi Kotkaniemi, Mikko Rantanen

Scratches
Mavrik Bourque (Healthy), Jacob Bernard-Docker (Healthy), Jacob Bryson (Healthy)

% Time on Ice - Pittsburgh Penguins

Lines # - Real PCT - Wanted PCT - Time Play
Normal Forward
1 - 28% - 30% - 15:15
2 - 30% - 30% - 16:02
3 - 25% - 25% - 13:24
4 - 17% - 15% - 8:58
Normal Defense
1 - 28% - 30% - 15:14
2 - 32% - 30% - 17:05
3 - 27% - 25% - 14:25
4 - 13% - 15% - 6:55
PP Forward
1 - 71% - 50% - 0:34
2 - 29% - 50% - 0:14
PP Defense
1 - 71% - 50% - 0:34
2 - 29% - 50% - 0:14
PK Forward
1 - 51% - 50% - 2:50
2 - 49% - 50% - 2:43
PK Defense
1 - 59% - 50% - 3:17
2 - 41% - 50% - 2:16
PK3 Forward
1 - 0% - 50%
2 - 0% - 50%
PK3 Defense
1 - 0% - 50%
2 - 0% - 50%
44 Forward
1 - 0% - 50%
2 - 0% - 50%
44 Defense
1 - 0% - 50%
2 - 0% - 50%
Last Minute Offensive  - 0:00
Last Minute Defensive  - 0:00
Total
Forward - 60:00
Defense - 60:00

% Time on Ice - Vancouver Canucks

Lines # - Real PCT - Wanted PCT - Time Play
Normal Forward
1 - 35% - 37% - 18:39
2 - 26% - 28% - 14:09
3 - 24% - 21% - 12:46
4 - 15% - 14% - 8:05
Normal Defense
1 - 29% - 30% - 15:25
2 - 31% - 30% - 16:41
3 - 26% - 25% - 13:49
4 - 14% - 15% - 7:44
PP Forward
1 - 47% - 50% - 2:38
2 - 53% - 50% - 2:55
PP Defense
1 - 47% - 50% - 2:38
2 - 53% - 50% - 2:55
PK Forward
1 - 71% - 50% - 0:34
2 - 29% - 50% - 0:14
PK Defense
1 - 71% - 50% - 0:34
2 - 29% - 50% - 0:14
PK3 Forward
1 - 0% - 50%
2 - 0% - 50%
PK3 Defense
1 - 0% - 50%
2 - 0% - 50%
44 Forward
1 - 0% - 50%
2 - 0% - 50%
44 Defense
1 - 0% - 50%
2 - 0% - 50%
Last Minute Offensive  - 0:00
Last Minute Defensive  - 0:00
Total
Forward - 60:00
Defense - 60:00

Play-by-Play

1st period


0:01 of 1st period - Leon Draisaitl wins face-off versus Clayton Keller in neutral zone.
0:35 of 1st period - Miro Heiskanen is hit by Pavel Buchnevich and loses puck.
0:56 of 1st period - Wrist shot by Phillip Danault.
0:56 of 1st period - Stopped by Cam Talbot without a rebound.
0:57 of 1st period - Sean Couturier wins face-off versus Phillip Danault in Vancouver Canucks zone.
1:30 of 1st period - Slapshot by Brett Leason.
1:30 of 1st period - Shot Misses the Net.
1:40 of 1st period - Wrist shot by Clayton Keller.
1:40 of 1st period - Stopped by Jordan Binnington with a rebound.
1:56 of 1st period - Wrist shot by Phillip Danault.
1:56 of 1st period - Shot Misses the Net.
2:06 of 1st period - Christian Dvorak is hit by Artturi Lehkonen and loses puck.
2:23 of 1st period - Wrist shot by Christian Dvorak.
2:23 of 1st period - Stopped by Cam Talbot with a rebound.
2:29 of 1st period - Wrist shot by Christian Dvorak.
2:29 of 1st period - Shot Misses the Net.
2:31 of 1st period - Wrist shot by Phillip Danault.
2:31 of 1st period - Stopped by Cam Talbot with a rebound.
2:33 of 1st period - Slapshot by Erik Karlsson.
2:33 of 1st period - Shot Blocked by Mikko Rantanen.
2:35 of 1st period - Slapshot by Travis Sanheim.
2:35 of 1st period - Stopped by Cam Talbot with a rebound.
2:37 of 1st period - Wrist shot by Christian Dvorak.
2:37 of 1st period - Stopped by Cam Talbot with a rebound.
3:28 of 1st period - Wrist shot by Phillip Danault.
3:28 of 1st period - Stopped by Cam Talbot with a rebound.
3:30 of 1st period - Slapshot by Christian Dvorak.
3:30 of 1st period - Stopped by Cam Talbot without a rebound.
3:31 of 1st period - Sean Couturier wins face-off versus Ryan O'Reilly in Vancouver Canucks zone.
3:36 of 1st period - Backhand shot by Sean Couturier.
3:36 of 1st period - Deflect By Bobby McMann.
3:36 of 1st period - Shot Blocked by Mattias Ekholm.
3:36 of 1st period - Puck is out of play.
3:37 of 1st period - Ryan O'Reilly wins face-off versus Sean Couturier in Pittsburgh Penguins zone.
3:52 of 1st period - Wrist shot by Bobby McMann.
3:52 of 1st period - Shot Blocked by Mattias Ekholm.
4:08 of 1st period - Slapshot by Pavel Buchnevich.
4:08 of 1st period - Deflect By Tage Thompson.
4:08 of 1st period - Shot Misses the Net.
4:08 of 1st period - Puck is out of play.
4:09 of 1st period - Leon Draisaitl wins face-off versus Connor Zary in Vancouver Canucks zone.
4:10 of 1st period - Wrist shot by Mitchell Marner.
4:10 of 1st period - Shot Blocked by Emil Martinsen Lilleberg.
4:22 of 1st period - Slapshot by Connor Zary.
4:22 of 1st period - Shot Misses the Net.
4:24 of 1st period - Snap shot by Connor Zary.
4:24 of 1st period - Stopped by Jordan Binnington with a rebound.
5:06 of 1st period - Wrist shot by Sean Couturier.
5:06 of 1st period - Shot Misses the Net.
5:52 of 1st period - Wrist shot by Aleksander Barkov.
5:52 of 1st period - Deflect By Anton Lundell.
5:52 of 1st period - Shot Misses the Net.
5:52 of 1st period - Puck is out of play.
5:53 of 1st period - Aleksander Barkov wins face-off versus Ryan O'Reilly in Pittsburgh Penguins zone.
5:58 of 1st period - Wrist shot by Connor Zary.
5:58 of 1st period - Stopped by Jordan Binnington without a rebound.
5:59 of 1st period - Aleksander Barkov wins face-off versus Leon Draisaitl in Pittsburgh Penguins zone.
6:04 of 1st period - Wrist shot by Aleksander Barkov.
6:04 of 1st period - Shot Misses the Net.
6:06 of 1st period - Slapshot by Miro Heiskanen.
6:06 of 1st period - Shot Misses the Net.
6:14 of 1st period - Slapshot by Connor Zary.
6:14 of 1st period - Stopped by Jordan Binnington without a rebound.
6:15 of 1st period - Gabriel Vilardi wins face-off versus Sean Couturier in Pittsburgh Penguins zone.
6:27 of 1st period - Snap shot by Gabriel Vilardi.
6:27 of 1st period - Stopped by Cam Talbot without a rebound.
6:28 of 1st period - Leon Draisaitl wins face-off versus Clayton Keller in Vancouver Canucks zone.
6:31 of 1st period - Wrist shot by Sam Reinhart.
6:31 of 1st period - Deflect By Leon Draisaitl.
6:31 of 1st period - Shot Hit the Post.
6:31 of 1st period - Puck is out of play.
6:32 of 1st period - Leon Draisaitl wins face-off versus Clayton Keller in Vancouver Canucks zone.
6:35 of 1st period - Slapshot by Leon Draisaitl.
6:35 of 1st period - Deflect By Sam Reinhart.
6:35 of 1st period - Goal by Sam Reinhart - Pittsburgh Penguins : 1 - Vancouver Canucks : 0.
6:36 of 1st period - Tage Thompson wins face-off versus Casey Mittelstadt in neutral zone.
7:08 of 1st period - Snap shot by Blake Coleman.
7:08 of 1st period - Shot Hit the Post.
7:21 of 1st period - Icing by Brian Dumoulin.
7:22 of 1st period - Leon Draisaitl wins face-off versus Aleksander Barkov in Pittsburgh Penguins zone.
7:56 of 1st period - Ryan McDonagh is hit by Tage Thompson and loses puck.
8:43 of 1st period - Wrist shot by Mikko Rantanen.
8:43 of 1st period - Shot Misses the Net.
8:45 of 1st period - Slapshot by Mikko Rantanen.
8:45 of 1st period - Shot Blocked by Mitchell Marner.
8:49 of 1st period - Wrist shot by Clayton Keller.
8:49 of 1st period - Stopped by Jordan Binnington with a rebound.
9:27 of 1st period - Snap shot by Jesperi Kotkaniemi.
9:27 of 1st period - Shot Hit the Post.
9:29 of 1st period - Snap shot by Bobby McMann.
9:29 of 1st period - Stopped by Jordan Binnington with a rebound.
9:58 of 1st period - Blake Coleman is hit by Casey Mittelstadt and loses puck.
10:09 of 1st period - Ryan McDonagh is hit by Mitchell Marner and loses puck.
10:22 of 1st period - Backhand shot by Leon Draisaitl.
10:22 of 1st period - Deflect By Ryan McDonagh.
10:22 of 1st period - Stopped by Cam Talbot with a rebound.
10:34 of 1st period - Wrist shot by Pavel Buchnevich.
10:34 of 1st period - Stopped by Cam Talbot with a rebound.
10:36 of 1st period - Backhand shot by Erik Karlsson.
10:36 of 1st period - Deflect By Tage Thompson.
10:36 of 1st period - Shot Blocked by Ryan McDonagh.
10:36 of 1st period - Puck is out of play.
10:37 of 1st period - Aleksander Barkov wins face-off versus Tage Thompson in Vancouver Canucks zone.
11:56 of 1st period - Snap shot by Brett Leason.
11:56 of 1st period - Stopped by Jordan Binnington without a rebound.
11:57 of 1st period - Leon Draisaitl wins face-off versus Clayton Keller in Pittsburgh Penguins zone.
12:40 of 1st period - Wrist shot by Aleksander Barkov.
12:40 of 1st period - Stopped by Jordan Binnington with a rebound.
12:52 of 1st period - Snap shot by Tage Thompson.
12:52 of 1st period - Deflect By Pavel Buchnevich.
12:52 of 1st period - Shot Misses the Net.
12:52 of 1st period - Puck is out of play.
12:53 of 1st period - Tage Thompson wins face-off versus Sean Couturier in Vancouver Canucks zone.
12:57 of 1st period - Icing by Sean Couturier.
12:58 of 1st period - Tage Thompson wins face-off versus Sean Couturier in Vancouver Canucks zone.
13:32 of 1st period - Snap shot by Pavel Buchnevich.
13:32 of 1st period - Shot Misses the Net.
13:52 of 1st period - Snap shot by Bobby McMann.
13:52 of 1st period - Shot Misses the Net.
13:54 of 1st period - Slapshot by Sean Couturier.
13:54 of 1st period - Shot Misses the Net.
13:56 of 1st period - Wrist shot by Bobby McMann.
13:56 of 1st period - Shot Blocked by Brian Dumoulin.
14:02 of 1st period - Snap shot by Bobby McMann.
14:02 of 1st period - Shot Misses the Net.
14:04 of 1st period - Backhand shot by Noah Hanifin.
14:04 of 1st period - Deflect By Jesperi Kotkaniemi.
14:04 of 1st period - Shot Blocked by Pavel Buchnevich.
14:04 of 1st period - Puck is out of play.
14:05 of 1st period - Leon Draisaitl wins face-off versus Clayton Keller in Pittsburgh Penguins zone.
14:12 of 1st period - Leon Draisaitl is hit by Joel Hanley and loses puck.
14:31 of 1st period - Blake Coleman is hit by Aleksander Barkov and loses puck.
14:52 of 1st period - Snap shot by Casey Mittelstadt.
14:52 of 1st period - Shot Blocked by Carson Soucy.
15:06 of 1st period - Joel Hanley is hit by Carson Soucy and loses puck.
15:56 of 1st period - Gabriel Vilardi is hit by Jesperi Kotkaniemi.
16:44 of 1st period - Snap shot by Connor Zary.
16:44 of 1st period - Stopped by Jordan Binnington with a rebound.
16:56 of 1st period - Jordan Eberle is hit by Artturi Lehkonen and loses puck.
17:55 of 1st period - Snap shot by Brett Leason.
17:55 of 1st period - Shot Blocked by Erik Gudbranson.
17:57 of 1st period - Wrist shot by Casey Mittelstadt.
17:57 of 1st period - Shot Misses the Net.
17:59 of 1st period - Wrist shot by Casey Mittelstadt.
17:59 of 1st period - Shot Blocked by Carson Soucy.
18:49 of 1st period - Miro Heiskanen is hit by Blake Coleman and loses puck.
19:10 of 1st period - Snap shot by Jesperi Kotkaniemi.
19:10 of 1st period - Stopped by Jordan Binnington without a rebound.
19:11 of 1st period - Leon Draisaitl wins face-off versus Clayton Keller in Pittsburgh Penguins zone.
19:24 of 1st period - Wrist shot by Mitchell Marner.
19:24 of 1st period - Shot Blocked by Artturi Lehkonen.
19:26 of 1st period - Slapshot by Erik Karlsson.
19:26 of 1st period - Shot Blocked by Artturi Lehkonen.
19:28 of 1st period - Slapshot by Travis Sanheim.
19:28 of 1st period - Stopped by Cam Talbot with a rebound.
19:38 of 1st period - Erik Karlsson is hit by Emil Martinsen Lilleberg and loses puck.
19:59 of 1st period - Matias Maccelli is hit by Zemgus Girgensons and loses puck.
Goals for this period are 1 for Pittsburgh Penguins vs 0 for Vancouver Canucks.
Shots for this period are 12 for Pittsburgh Penguins vs 10 for Vancouver Canucks.

2nd period


0:01 of 2nd period - Clayton Keller wins face-off versus Mitchell Marner in neutral zone.
0:52 of 2nd period - Snap shot by Ryan O'Reilly.
0:52 of 2nd period - Stopped by Cam Talbot without a rebound.
0:53 of 2nd period - Leon Draisaitl wins face-off versus Clayton Keller in Vancouver Canucks zone.
1:40 of 2nd period - Jesperi Kotkaniemi is hit by Erik Gudbranson and loses puck.
1:47 of 2nd period - Erik Gudbranson is hit by Jesperi Kotkaniemi and loses puck.
2:30 of 2nd period - Wrist shot by Leon Draisaitl.
2:30 of 2nd period - Shot Misses the Net.
2:32 of 2nd period - Snap shot by Sam Reinhart.
2:32 of 2nd period - Deflect By Mitchell Marner.
2:32 of 2nd period - Shot Misses the Net.
2:32 of 2nd period - Puck is out of play.
2:33 of 2nd period - Aleksander Barkov wins face-off versus Tage Thompson in Vancouver Canucks zone.
2:33 of 2nd period - Aleksander Barkov is hit by Travis Sanheim.
2:43 of 2nd period - Slapshot by Anton Lundell.
2:43 of 2nd period - Shot Misses the Net.
2:49 of 2nd period - Snap shot by Gabriel Vilardi.
2:49 of 2nd period - Deflect By Tage Thompson.
2:49 of 2nd period - Stopped by Cam Talbot with a rebound.
3:20 of 2nd period - Wrist shot by Casey Mittelstadt.
3:20 of 2nd period - Stopped by Jordan Binnington with a rebound.
3:26 of 2nd period - Wrist shot by Ryan O'Reilly.
3:26 of 2nd period - Shot Misses the Net.
4:02 of 2nd period - Aleksander Barkov is hit by Gabriel Vilardi and loses puck.
4:11 of 2nd period - Snap shot by Aleksander Barkov.
4:11 of 2nd period - Stopped by Jordan Binnington without a rebound.
4:12 of 2nd period - Leon Draisaitl wins face-off versus Clayton Keller in Pittsburgh Penguins zone.
4:14 of 2nd period - Minor Penalty to Leon Draisaitl for Holding.
4:15 of 2nd period - Mitchell Marner wins face-off versus Aleksander Barkov in Pittsburgh Penguins zone.
4:19 of 2nd period - Slapshot by Mikko Rantanen.
4:19 of 2nd period - Shot Misses the Net.
4:21 of 2nd period - Slapshot by Aleksander Barkov.
4:21 of 2nd period - Goal by Aleksander Barkov - Pittsburgh Penguins : 1 - Vancouver Canucks : 1.
4:22 of 2nd period - Leon Draisaitl wins face-off versus Clayton Keller in neutral zone.
4:39 of 2nd period - Wrist shot by Mikko Rantanen.
4:39 of 2nd period - Shot Misses the Net.
5:26 of 2nd period - Slapshot by Ryan O'Reilly.
5:26 of 2nd period - Stopped by Cam Talbot with a rebound.
5:50 of 2nd period - Emil Martinsen Lilleberg is hit by Phillip Danault and loses puck.
6:25 of 2nd period - Snap shot by Pavel Buchnevich.
6:25 of 2nd period - Shot Blocked by Ryan McDonagh.
6:27 of 2nd period - Snap shot by Pavel Buchnevich.
6:27 of 2nd period - Deflect By Gabriel Vilardi.
6:27 of 2nd period - Shot Misses the Net.
6:27 of 2nd period - Puck is out of play.
6:28 of 2nd period - Tage Thompson wins face-off versus Clayton Keller in Vancouver Canucks zone.
6:37 of 2nd period - Wrist shot by Tage Thompson.
6:37 of 2nd period - Shot Misses the Net.
6:57 of 2nd period - Wrist shot by Sean Couturier.
6:57 of 2nd period - Stopped by Jordan Binnington without a rebound.
6:58 of 2nd period - Ryan O'Reilly wins face-off versus Sean Couturier in Pittsburgh Penguins zone.
7:36 of 2nd period - Snap shot by Leon Draisaitl.
7:36 of 2nd period - Stopped by Cam Talbot without a rebound.
7:37 of 2nd period - Aleksander Barkov wins face-off versus Tage Thompson in Vancouver Canucks zone.
7:52 of 2nd period - Connor Zary is hit by Gabriel Vilardi and loses puck.
9:12 of 2nd period - Wrist shot by Connor Zary.
9:12 of 2nd period - Stopped by Jordan Binnington with a rebound.
9:14 of 2nd period - Slapshot by Connor Zary.
9:14 of 2nd period - Stopped by Jordan Binnington without a rebound.
9:15 of 2nd period - Ryan O'Reilly wins face-off versus Clayton Keller in Pittsburgh Penguins zone.
9:30 of 2nd period - Wrist shot by Mikko Rantanen.
9:30 of 2nd period - Shot Misses the Net.
9:41 of 2nd period - Icing by Blake Coleman.
9:42 of 2nd period - Aleksander Barkov wins face-off versus Tage Thompson in Pittsburgh Penguins zone.
9:57 of 2nd period - Snap shot by Aleksander Barkov.
9:57 of 2nd period - Shot Misses the Net.
9:59 of 2nd period - Slapshot by Anton Lundell.
9:59 of 2nd period - Shot Blocked by Erik Karlsson.
10:25 of 2nd period - Wrist shot by Gabriel Vilardi.
10:25 of 2nd period - Stopped by Cam Talbot without a rebound.
10:26 of 2nd period - Clayton Keller wins face-off versus Ryan O'Reilly in Vancouver Canucks zone.
10:31 of 2nd period - Jordan Eberle is hit by Mikko Rantanen and loses puck.
10:48 of 2nd period - Blake Coleman is hit by Mikko Rantanen.
11:02 of 2nd period - Wrist shot by Ryan O'Reilly.
11:02 of 2nd period - Stopped by Cam Talbot with a rebound.
11:18 of 2nd period - Slapshot by Mikko Rantanen.
11:18 of 2nd period - Deflect By Artturi Lehkonen.
11:18 of 2nd period - Shot Misses the Net.
11:18 of 2nd period - Puck is out of play.
11:19 of 2nd period - Aleksander Barkov wins face-off versus Tage Thompson in Pittsburgh Penguins zone.
11:32 of 2nd period - Snap shot by Connor Zary.
11:32 of 2nd period - Stopped by Jordan Binnington without a rebound.
11:33 of 2nd period - Leon Draisaitl wins face-off versus Aleksander Barkov in Pittsburgh Penguins zone.
12:45 of 2nd period - Snap shot by Brett Leason.
12:45 of 2nd period - Stopped by Jordan Binnington without a rebound.
12:46 of 2nd period - Casey Mittelstadt wins face-off versus Phillip Danault in Pittsburgh Penguins zone.
12:58 of 2nd period - Snap shot by Matias Maccelli.
12:58 of 2nd period - Goal by Matias Maccelli - Pittsburgh Penguins : 1 - Vancouver Canucks : 2.
12:59 of 2nd period - Mitchell Marner wins face-off versus Artturi Lehkonen in neutral zone.
13:10 of 2nd period - Mikko Rantanen is hit by Mitchell Marner and loses puck.
13:20 of 2nd period - Minor Penalty to Mikko Rantanen for Tripping.
13:21 of 2nd period - Leon Draisaitl wins face-off versus Anton Lundell in Vancouver Canucks zone.
13:30 of 2nd period - Snap shot by Leon Draisaitl.
13:30 of 2nd period - Shot Misses the Net.
13:54 of 2nd period - Off-side.
13:55 of 2nd period - Aleksander Barkov wins face-off versus Tage Thompson in neutral zone.
14:06 of 2nd period - Wrist shot by Tage Thompson.
14:06 of 2nd period - Shot Misses the Net.
14:08 of 2nd period - Slapshot by Pavel Buchnevich.
14:08 of 2nd period - Goal by Pavel Buchnevich - Pittsburgh Penguins : 2 - Vancouver Canucks : 2.
14:09 of 2nd period - Clayton Keller wins face-off versus Pavel Buchnevich in neutral zone.
15:43 of 2nd period - Gabriel Vilardi is hit by Ryan McDonagh and loses puck.
16:05 of 2nd period - Off-side.
16:06 of 2nd period - Clayton Keller wins face-off versus Leon Draisaitl in neutral zone.
16:32 of 2nd period - Wrist shot by Aleksander Barkov.
16:32 of 2nd period - Goal by Aleksander Barkov - Pittsburgh Penguins : 2 - Vancouver Canucks : 3.
16:33 of 2nd period - Tage Thompson wins face-off versus Clayton Keller in neutral zone.
16:40 of 2nd period - Snap shot by Gabriel Vilardi.
16:40 of 2nd period - Deflect By Miro Heiskanen.
16:40 of 2nd period - Stopped by Cam Talbot without a rebound.
16:41 of 2nd period - Clayton Keller wins face-off versus Tage Thompson in Vancouver Canucks zone.
16:41 of 2nd period - Clayton Keller is hit by Erik Karlsson.
16:46 of 2nd period - Off-side.
16:47 of 2nd period - Ryan O'Reilly wins face-off versus Mikko Rantanen in neutral zone.
16:59 of 2nd period - Off-side.
17:00 of 2nd period - Anton Lundell wins face-off versus Pavel Buchnevich in neutral zone.
17:27 of 2nd period - Artturi Lehkonen is hit by Leon Draisaitl and loses puck.
18:18 of 2nd period - Slapshot by Sean Couturier.
18:18 of 2nd period - Shot Blocked by Mattias Ekholm.
18:20 of 2nd period - Slapshot by Jake Bean.
18:20 of 2nd period - Shot Blocked by Mattias Ekholm.
18:22 of 2nd period - Wrist shot by Bobby McMann.
18:22 of 2nd period - Stopped by Jordan Binnington with a rebound.
18:59 of 2nd period - Off-side.
19:00 of 2nd period - Clayton Keller wins face-off versus Mitchell Marner in neutral zone.
19:27 of 2nd period - Ryan McDonagh is hit by Travis Sanheim and loses puck.
19:38 of 2nd period - Snap shot by Blake Coleman.
19:38 of 2nd period - Shot Misses the Net.
19:48 of 2nd period - Erik Gudbranson is hit by Jesperi Kotkaniemi and loses puck.
Goals for this period are 1 for Pittsburgh Penguins vs 3 for Vancouver Canucks.
Shots for this period are 8 for Pittsburgh Penguins vs 11 for Vancouver Canucks.

3rd period


0:01 of 3rd period - Clayton Keller wins face-off versus Leon Draisaitl in neutral zone.
0:06 of 3rd period - Snap shot by Mikko Rantanen.
0:06 of 3rd period - Stopped by Jordan Binnington without a rebound.
0:07 of 3rd period - Leon Draisaitl wins face-off versus Artturi Lehkonen in Pittsburgh Penguins zone.
0:28 of 3rd period - Snap shot by Leon Draisaitl.
0:28 of 3rd period - Shot Misses the Net.
0:30 of 3rd period - Slapshot by Erik Karlsson.
0:30 of 3rd period - Deflect By Leon Draisaitl.
0:30 of 3rd period - Shot Misses the Net.
0:30 of 3rd period - Puck is out of play.
0:31 of 3rd period - Aleksander Barkov wins face-off versus Tage Thompson in Vancouver Canucks zone.
1:00 of 3rd period - Wrist shot by Sean Couturier.
1:00 of 3rd period - Stopped by Jordan Binnington without a rebound.
1:01 of 3rd period - Ryan O'Reilly wins face-off versus Sean Couturier in Pittsburgh Penguins zone.
1:13 of 3rd period - Icing by Miro Heiskanen.
1:14 of 3rd period - Ryan O'Reilly wins face-off versus Sean Couturier in Vancouver Canucks zone.
1:21 of 3rd period - Slapshot by Blake Coleman.
1:21 of 3rd period - Shot Misses the Net.
1:23 of 3rd period - Snap shot by Blake Coleman.
1:23 of 3rd period - Goal by Blake Coleman - Pittsburgh Penguins : 3 - Vancouver Canucks : 3.
1:24 of 3rd period - Clayton Keller wins face-off versus Tage Thompson in neutral zone.
1:50 of 3rd period - Connor Zary is hit by Mitchell Marner and loses puck.
2:13 of 3rd period - Snap shot by Christian Dvorak.
2:13 of 3rd period - Deflect By Phillip Danault.
2:13 of 3rd period - Stopped by Cam Talbot with a rebound.
2:15 of 3rd period - Snap shot by Zemgus Girgensons.
2:15 of 3rd period - Stopped by Cam Talbot with a rebound.
2:17 of 3rd period - Snap shot by Erik Gudbranson.
2:17 of 3rd period - Shot Blocked by Anton Lundell.
2:19 of 3rd period - Snap shot by Erik Gudbranson.
2:19 of 3rd period - Shot Misses the Net.
4:06 of 3rd period - Artturi Lehkonen is hit by Jordan Eberle and loses puck.
4:39 of 3rd period - Slapshot by Tage Thompson.
4:39 of 3rd period - Deflect By Pavel Buchnevich.
4:39 of 3rd period - Shot Blocked by Jake Bean.
4:39 of 3rd period - Puck is out of play.
4:40 of 3rd period - Tage Thompson wins face-off versus Sean Couturier in Vancouver Canucks zone.
4:49 of 3rd period - Brian Dumoulin is hit by Bobby McMann and loses puck.
5:14 of 3rd period - Wrist shot by Gabriel Vilardi.
5:14 of 3rd period - Shot Misses the Net.
5:20 of 3rd period - Pavel Buchnevich is hit by Emil Martinsen Lilleberg and loses puck.
5:31 of 3rd period - Snap shot by Bobby McMann.
5:31 of 3rd period - Stopped by Jordan Binnington with a rebound.
5:33 of 3rd period - Wrist shot by Bobby McMann.
5:33 of 3rd period - Goal by Bobby McMann - Pittsburgh Penguins : 3 - Vancouver Canucks : 4.
5:34 of 3rd period - Leon Draisaitl wins face-off versus Clayton Keller in neutral zone.
5:36 of 3rd period - Minor Penalty to Leon Draisaitl for Roughing.
5:37 of 3rd period - Casey Mittelstadt wins face-off versus Sam Reinhart in Pittsburgh Penguins zone.
5:53 of 3rd period - Slapshot by Artturi Lehkonen.
5:53 of 3rd period - Stopped by Jordan Binnington without a rebound.
5:54 of 3rd period - Mitchell Marner wins face-off versus Aleksander Barkov in Pittsburgh Penguins zone.
6:43 of 3rd period - Slapshot by Sam Reinhart.
6:43 of 3rd period - Stopped by Cam Talbot with a rebound.
7:31 of 3rd period - Ryan McDonagh is hit by Erik Karlsson and loses puck.
7:36 of 3rd period - Penalty to Leon Draisaitl is over, Leon Draisaitl is back on ice.
7:38 of 3rd period - Tage Thompson is hit by Clayton Keller and loses puck.
8:42 of 3rd period - Phillip Danault is hit by Aleksander Barkov and loses puck.
8:57 of 3rd period - Wrist shot by Leon Draisaitl.
8:57 of 3rd period - Shot Misses the Net.
8:59 of 3rd period - Wrist shot by Sam Reinhart.
8:59 of 3rd period - Stopped by Cam Talbot with a rebound.
9:08 of 3rd period - Icing by Carson Soucy.
9:09 of 3rd period - Jordan Eberle wins face-off versus Clayton Keller in Pittsburgh Penguins zone.
9:24 of 3rd period - Snap shot by Jordan Eberle.
9:24 of 3rd period - Stopped by Cam Talbot without a rebound.
9:25 of 3rd period - Leon Draisaitl wins face-off versus Aleksander Barkov in Vancouver Canucks zone.
9:57 of 3rd period - Wrist shot by Mikko Rantanen.
9:57 of 3rd period - Stopped by Jordan Binnington without a rebound.
9:58 of 3rd period - Ryan O'Reilly wins face-off versus Clayton Keller in Pittsburgh Penguins zone.
10:09 of 3rd period - Wrist shot by Ryan O'Reilly.
10:09 of 3rd period - Shot Blocked by Noah Hanifin.
10:11 of 3rd period - Snap shot by Blake Coleman.
10:11 of 3rd period - Deflect By Mikko Rantanen.
10:11 of 3rd period - Shot Misses the Net.
10:11 of 3rd period - Puck is out of play.
10:12 of 3rd period - Leon Draisaitl wins face-off versus Clayton Keller in Vancouver Canucks zone.
10:25 of 3rd period - Slapshot by Miro Heiskanen.
10:25 of 3rd period - Goal by Miro Heiskanen - Pittsburgh Penguins : 3 - Vancouver Canucks : 5.
10:26 of 3rd period - Clayton Keller wins face-off versus Leon Draisaitl in neutral zone.
11:05 of 3rd period - Snap shot by Pavel Buchnevich.
11:05 of 3rd period - Shot Misses the Net.
12:13 of 3rd period - Off-side.
12:14 of 3rd period - Tage Thompson wins face-off versus Casey Mittelstadt in neutral zone.
12:44 of 3rd period - Slapshot by Erik Karlsson.
12:44 of 3rd period - Stopped by Cam Talbot without a rebound.
12:45 of 3rd period - Leon Draisaitl wins face-off versus Sean Couturier in Vancouver Canucks zone.
13:00 of 3rd period - Slapshot by Mitchell Marner.
13:00 of 3rd period - Shot Misses the Net.
13:12 of 3rd period - Wrist shot by Sean Couturier.
13:12 of 3rd period - Stopped by Jordan Binnington without a rebound.
13:13 of 3rd period - Clayton Keller wins face-off versus Blake Coleman in Pittsburgh Penguins zone.
13:26 of 3rd period - Wrist shot by Jordan Eberle.
13:26 of 3rd period - Stopped by Cam Talbot with a rebound.
13:48 of 3rd period - Snap shot by Casey Mittelstadt.
13:48 of 3rd period - Shot Misses the Net.
13:50 of 3rd period - Snap shot by Brett Leason.
13:50 of 3rd period - Shot Misses the Net.
13:52 of 3rd period - Slapshot by Matias Maccelli.
13:52 of 3rd period - Shot Blocked by Erik Karlsson.
14:16 of 3rd period - Jake Bean is hit by Leon Draisaitl and loses puck.
14:29 of 3rd period - Snap shot by Mikko Rantanen.
14:29 of 3rd period - Stopped by Jordan Binnington with a rebound.
15:00 of 3rd period - Ryan McDonagh is hit by Zemgus Girgensons and loses puck.
15:09 of 3rd period - Minor Penalty to Zemgus Girgensons for Elbowing.
15:10 of 3rd period - Mitchell Marner wins face-off versus Connor Zary in Pittsburgh Penguins zone.
17:09 of 3rd period - Penalty to Zemgus Girgensons is over, Zemgus Girgensons is back on ice.
17:16 of 3rd period - Slapshot by Sean Couturier.
17:16 of 3rd period - Shot Blocked by Travis Sanheim.
17:18 of 3rd period - Slapshot by Jake Bean.
17:18 of 3rd period - Stopped by Jordan Binnington without a rebound.
17:19 of 3rd period - Ryan O'Reilly wins face-off versus Sean Couturier in Pittsburgh Penguins zone.
17:26 of 3rd period - Slapshot by Blake Coleman.
17:26 of 3rd period - Deflect By Jordan Eberle.
17:26 of 3rd period - Shot Blocked by Emil Martinsen Lilleberg.
17:26 of 3rd period - Puck is out of play.
17:27 of 3rd period - Sean Couturier wins face-off versus Ryan O'Reilly in Vancouver Canucks zone.
17:55 of 3rd period - Wrist shot by Jordan Eberle.
17:55 of 3rd period - Stopped by Cam Talbot without a rebound.
17:56 of 3rd period - Mikko Rantanen wins face-off versus Tage Thompson in Vancouver Canucks zone.
18:11 of 3rd period - Snap shot by Mikko Rantanen.
18:11 of 3rd period - Stopped by Jordan Binnington with a rebound.
18:31 of 3rd period - Minor Penalty to Travis Sanheim for Tripping.
18:32 of 3rd period - Casey Mittelstadt wins face-off versus Mitchell Marner in Pittsburgh Penguins zone.
Goals for this period are 1 for Pittsburgh Penguins vs 2 for Vancouver Canucks.
Shots for this period are 9 for Pittsburgh Penguins vs 11 for Vancouver Canucks.